 Dungeon Crawl Stone Soup version 0.31.0-32-g396128a36d (webtiles) character file.

Game seed: 16872597011637708534

5163 booth the Destroyer (level 10, -5/77 HPs)
             Began as a Demonspawn Wanderer on Mar 11, 2024.
             Was a Follower of Vehumet.
             Asphyxiated
             ... on level 8 of the Dungeon on Mar 13, 2024.
             The game lasted 01:16:34 (10024 turns).

booth the Destroyer (Demonspawn Wanderer)          Turns: 10024, Time: 01:16:35

Health: -5/77      AC: 14    Str: 18    XL:     10   Next: 33%
Magic:  8/17       EV: 13    Int: 19    God:    Vehumet [*.....]
Gold:   287        SH:  0    Dex: 17    Spells: 0/19 levels left

rFire   . . .        t - staff of air
rCold   . . .        (no shield)
rNeg    . . .        y - +0 ring mail
rPois   .            o - +1 helmet
rElec   +            j - +1 cloak
rCorr   .            n - +1 pair of gloves
SInv    .            (no boots)
Will    .....        (no amulet)
Stlth   +            m - +6 ring of dexterity
HPRegen 0.32/turn    u - +6 ring of strength
MPRegen 0.15/turn

%: no passive effects
@: lethally poisoned (-5 -> -55), weakened, slowed, very slow
A: icy blue scales 2, demonic guardian 2
a: Renounce Religion


You were on level 8 of the Dungeon.
You worshipped Vehumet.
Vehumet was aware of your devotion.
You visited 2 branches of the dungeon, and saw 9 of its levels.

You collected 469 gold pieces.
You spent 182 gold pieces at shops.

Inventory:

Hand Weapons
 r - a +0 war axe
 s - a +2 flail of protection
 z - the +3 hammer "Nesuf" {pain, rN++ Will++ Dex+2}
   (You found it on level 4 of the Dungeon)

   Dex+2:     It affects your dexterity (+2).
   rN++:      It greatly protects you from negative energy.
   Will++:    It greatly increases your willpower.
 A - a +2 hand axe of flaming
Missiles
 q - 4 curare-tipped darts (quivered)
 v - 16 poisoned darts
 B - 9 boomerangs
Armour
 h - a +0 leather armour
 j - a +1 cloak (worn)
 n - a +1 pair of gloves (worn)
 o - a +1 helmet (worn)
 y - a +0 ring mail (worn)
Magical Staves
 t - a staff of air (weapon)
Jewellery
 m - a +6 ring of dexterity (left hand)
 u - a +6 ring of strength (right hand)
Wands
 x - a wand of acid (8)
 E - a wand of charming (1)
 I - a wand of roots (5)
Scrolls
 b - 3 scrolls of teleportation
 c - 2 scrolls of fear
 w - 3 scrolls of vulnerability
 C - a scroll of fog
 G - a scroll of amnesia
 J - a scroll of immolation
Potions
 a - a potion of magic
 d - 3 potions of lignification
 e - 4 potions of curing
 f - a potion of enlightenment
 g - a potion of berserk rage
 i - a potion of cancellation
 k - a potion of resistance
 l - 3 potions of heal wounds
 p - a potion of attraction
 F - a potion of ambrosia


   Skills:
 + Level 6.6 Fighting
 - Level 3.9 Maces & Flails
 + Level 5.4 Dodging
 - Level 1.2 Stealth
 + Level 5.2 Spellcasting
 * Level 8.4 Conjurations
 + Level 3.8 Fire Magic
 - Level 3.2 Air Magic
 + Level 3.6 Evocations


You couldn't memorise any spells.
You knew the following spells:

 Your Spells              Type           Power      Damage    Failure   Level
a - Shock                 Conj/Air       100%       1d9       1%          1
b - Static Discharge      Conj/Air       80%        3-7/arc   3%          2
c - Foxfire               Conj/Fire      100%       2x1d9     1%          1
d - Mephitic Cloud        Conj/Alch/Air  29%        N/A       13%         3
e - Starburst             Conj/Fire      14%        6d6       95%         6
f - Mercury Vapours       Alch/Air       32%        N/A       17%         2
g - Freeze                Ice            16%        1d4       22%         1
h - Stone Arrow           Conj/Erth      40%        3d9       12%         3

Your spell library contained the following spells:

 Spells                   Type           Power      Damage    Failure   Level
 Magic Dart               Conj           100%       1d8       1%          1
 Sting                    Conj/Alch      80%        1d8       3%          1
 Slow                     Hex            16%        N/A       22%         1
 Blink                    Tloc           8%         N/A       32%         2
 Call Imp                 Summ           8%         N/A       32%         2
 Confusing Touch          Hex            4%         N/A       54%         3
 Sigil of Binding         Hex            4%         N/A       54%         3
 Vampiric Draining        Necr           4%         2d6       54%         3
 Olgreb's Toxic Radiance  Alch           4%         N/A       91%         4
 Plasma Beam              Fire/Air       13%        2x1d24    100%        6


Dungeon Overview and Level Annotations

Branches:
Dungeon (8/15)             Temple (1/1) D:6
   Lair: D:8-11

Altars:
Ashenzari
Cheibriados
Dithmenos
Fedhas
Hepliaklqana
Kikubaaqudgha
Makhleb
Nemelex Xobeh
Okawaru
Qazlal
Ru
Sif Muna
Trog
Uskayaw
Vehumet
Wu Jian
Xom
Yredelemnul

Shops:
D:5 ![[

Annotations:
D:8 Grum
Temple 2 transporters


Innate Abilities, Weirdness & Mutations

You are mostly covered in icy blue scales. (AC +3)
A demonic guardian rushes to your aid.


Message History

Amaemon is struck by an arc of lightning.
You kill Amaemon!
Vehumet accepts your kill.
You feel your power returning.
The scorpion disappears in a puff of smoke! x2
You resist.
You are struck by an arc of lightning.
You feel sick. The orange demon stings you from afar.
You are more poisoned.
You have difficulty breathing.
You feel yourself slow down.
Casting: Static Discharge (safe; 3% risk of failure)
Confirm with . or Enter, or press ? or * to list all spells.
Aiming: Shock (safe; 1% risk of failure)
Press: ? - help, Shift-Dir - straight line You feel a surge of power!
The zap hits the orange demon!
The orange demon is heavily wounded.
You feel extremely sick.
The orange demon stings you but does no damage.
The orange demon stings you from afar!
* * * LOW HITPOINT WARNING * * *
You feel extremely sick. The orange demon barely misses you.
The orange demon hits you.
* * * LOW HITPOINT WARNING * * *
You feel your attacks grow feeble.
Things that are here:
a +0 demon whip of venom; the demonspawn corpse of Amaemon
Casting: Shock (safe; 1% risk of failure)
Confirm with . or Enter, or press ? or * to list all spells.
Aiming: Shock (safe; 1% risk of failure)
Press: ? - help, Shift-Dir - straight line You feel a surge of power!
The zap hits the orange demon.
The orange demon is heavily wounded.
The zap hits the orange demon.
The orange demon is severely wounded.
* * * LOW HITPOINT WARNING * * *
You feel extremely sick. The orange demon stings you.
* * * LOW HITPOINT WARNING * * *
You are more poisoned.
You have difficulty breathing.
You die...

#.......<.#
##...).#####
#....[....#
#.....###.#
#.....# #.#
####### #.#
#.# #.# #@#
#4# ##.##
##...#
#..#.#
#....#
#.#### #.#
#.#


You could see an orange demon (curare).

Vanquished Creatures
  Amaemon (D:8)
  A troll (D:5)
  A yak (D:8)
  2 water moccasins
  2 sky beasts (D:7)
  A black bear (D:7)
  2 ogres (D:5)
  2 wolves (D:8)
  3 phantoms
  A kobold brigand (D:8)
  A bullfrog (D:7)
  4 scorpions
  12 wights
  3 killer bees (D:8)
  3 jellies
  2 howler monkeys
  5 hounds
  A bombardier beetle (D:7)
  5 orc priests
  3 sleepcaps
  Crazy Yiuf (D:4)
  6 iguanas
  5 orc wizards
  7 adders
  A shadow imp (D:6)
  3 dart slugs (D:2)
  2 ribbon worms (D:3)
  26 orcs
  11 ball pythons
  8 endoplasms
  2 giant cockroaches
  6 goblins
  10 hobgoblins
  4 jackals
  4 quokkas
  9 bats
  11 kobolds
  9 rats
180 creatures vanquished.

Vanquished Creatures (collateral kills)
  3 yaks (D:8)
  A steam dragon (D:7)
  Edmund (D:4)
  A centaur (D:6)
  An ogre (D:4)
  2 bullfrogs (D:7)
  A wight (D:7)
  An iguana (D:4)
  A gnoll (D:1)
  3 orcs
  A giant cockroach (D:1)
  A goblin (D:1)
  A foxfire (D:6)
18 creatures vanquished.

Vanquished Creatures (others)
  152 foxfires
152 creatures vanquished.

Grand Total: 350 creatures vanquished

Notes
Turn   | Place    | Note
-------+----------+-------------------------------------------
     0 | D:1      | booth the Demonspawn Wanderer began the quest for the Orb.
     0 | D:1      | booth set off with the following items: a +0 club, a scroll
                  | of teleportation, a +0 robe, a potion of lignification; and
                  | the following spells available to memorise: Magic Dart,
                  | Shock, Static Discharge, Mephitic Cloud, Stone Arrow.
     0 | D:1      | Reached XP level 1. HP: 18/18 MP: 2/2
     2 | D:1      | Learned a level 1 spell: Shock
   156 | D:1      | Gained mutation: A weak demonic guardian rushes to your
                  | aid. [demonic ancestry]
   156 | D:1      | Reached XP level 2. HP: 24/24 MP: 0/3
   375 | D:1      | Learned a level 2 spell: Static Discharge
   633 | D:1      | Gained mutation: You are partially covered in icy blue
                  | scales. (AC +2) [demonic ancestry]
   633 | D:1      | Reached XP level 3. HP: 5/29 MP: 1/4
  1609 | D:2      | Reached XP level 4. HP: 35/35 MP: 3/6
  1832 | D:2      | Learned a level 1 spell: Foxfire
  2126 | D:3      | Found a burning altar of Makhleb.
  2645 | D:3      | Reached skill level 1 in Maces & Flails
  2645 | D:3      | Reached skill level 3 in Conjurations
  2750 | D:3      | Gained mutation: You are mostly covered in icy blue scales.
                  | (AC +3) [demonic ancestry]
  2750 | D:3      | Reached XP level 5. HP: 36/41 MP: 0/7
  2931 | D:3      | Learned a level 3 spell: Mephitic Cloud
  3768 | D:4      | Reached XP level 6. HP: 47/48 MP: 3/9
  3960 | D:4      | Noticed Edmund
  3996 | D:4      | Killed Edmund
  3997 | D:4      | Reached skill level 4 in Conjurations
  4404 | D:4      | Reached XP level 7. HP: 19/54 MP: 3/10
  5052 | D:4      | Found a runed translucent door.
  5053 | D:4      | Noticed Crazy Yiuf
  5381 | D:4      | Reached skill level 5 in Conjurations
  5518 | D:4      | Killed Crazy Yiuf
  5523 | D:4      | Identified the +3 hammer "Nesuf" {pain, rN++ Will++ Dex+2}
  5587 | D:5      | Entered Level 5 of the Dungeon
  5587 | D:5      | Found Kizuv's Distillery.
  5587 | D:5      | Found Bigrux's Armour Shoppe.
  5587 | D:5      | Found Tomiticw's Antique Armour Shoppe.
  5880 | D:5      | Bought a potion of heal wounds for 70 gold pieces
  5880 | D:5      | Bought a potion of heal wounds for 70 gold pieces
  5880 | D:5      | Bought a potion of curing for 42 gold pieces
  5954 | D:5      | Noticed a troll
  5969 | D:5      | HP: 2/55 [troll (6)]
  5978 | D:5      | Killed a troll
  5979 | D:5      | Gained mutation: A demonic guardian rushes to your aid.
                  | [demonic ancestry]
  5979 | D:5      | Reached XP level 8. HP: 14/61 MP: 8/12
  6603 | D:5      | Reached skill level 5 in Fighting
  6603 | D:5      | Reached skill level 1 in Fire Magic
  7009 | D:5      | Reached skill level 6 in Conjurations
  7345 | D:6      | Found a staircase to the Ecumenical Temple.
  7361 | Temple   | Found a transporter.
  7361 | Temple   | Found a transporter.
  7361 | Temple   | Found a transporter.
  7361 | Temple   | Found a transporter.
  7361 | Temple   | Entered the Ecumenical Temple
  7386 | Temple   | Became a worshipper of Vehumet
  7419 | D:6      | Learned a level 6 spell: Starburst
  7712 | D:6      | Reached XP level 9. HP: 68/68 MP: 7/14
  8265 | D:6      | Identified a scroll of acquirement
  8271 | D:6      | Learned a level 2 spell: Mercury Vapours
  8271 | D:6      | Acquired a staff of air
  8582 | D:7      | Reached skill level 7 in Conjurations
  9225 | D:7      | Reached * piety under Vehumet
  9225 | D:7      | Offered knowledge of Freeze by Vehumet.
  9228 | D:7      | Learned a level 1 spell: Freeze
  9509 | D:8      | Reached skill level 5 in Dodging
  9615 | D:8      | Noticed Grum
  9631 | D:8      | Reached XP level 10. HP: 35/77 MP: 11/17
  9796 | D:8      | Reached skill level 5 in Spellcasting
  9796 | D:8      | Reached skill level 8 in Conjurations
  9918 | D:8      | Learned a level 3 spell: Stone Arrow
  9994 | D:8      | Noticed Amaemon
  9995 | D:8      | Noticed an orange demon
 10021 | D:8      | Killed Amaemon
 10024 | D:8      | HP: 1/77 [orange demon[Amaemon] (6)]
 10024 | D:8      | Asphyxiated

Illustrated notes

Levels and vault maps discovered:
D:1:      giann_horns, layout_rooms
D:2:      layout_basic, minmay_tiny_reverse_x
D:3:      layout_basic, mainiacjoe_overflow_boulevard,
          kennysheep_generic_room_16
D:4:      kennysheep_big_flooded_room, layout_layer_cave, serial_rivers,
          chequers_serial_rivers_marsh, chequers_serial_rivers_micro_d,
          chequers_serial_rivers_small_3, chequers_serial_rivers_room_b,
          chequers_serial_rivers_micro_c, chequers_serial_rivers_marsh,
          minmay_fractal_squares_diagonal_5, uniq_edmund,
          uniq_crazy_yiuf_cottage
D:5:      layout_rooms, mainiacjoe_overflow_tiny_flanked,
          nicolae_shop_distant_corner_stores
D:6:      layout_basic, minmay_temple_entry_trees
D:7:      layout_layer_cave, minmay_misc_feat_doors
D:8:      layout_loops_ring, uniq_grum, uniq_amaemon
Temple:   hellmonk_temple_divided_pantheon

Skill      XL: |  1  2  3  4  5  6  7  8  9 10 |
---------------+-------------------------------+-----
Maces & Flails | 1 2 3 |  3.9
Conjurations   | 3 4 5 6 7 8 |  8.4
Dodging        | 2 3 4 5 |  5.4
Spellcasting   | 2 3 4 5 |  5.2
Air Magic      | 2 3 |  3.2
Fighting       | 4 5 6 |  6.6
Fire Magic     | 1 3 |  3.8
Evocations     | 3 |  3.6
Stealth        | |  1.2

Action                     |  1- 3 |  4- 6 |  7- 9 | 10-12 || total
---------------------------+-------+-------+-------+-------++-------
  Melee: Club              |    79 |    57 |       |       ||   136
         Punch             |     2 |       |     3 |     1 ||     6
         Whip              |       |   105 |    57 |       ||   162
         Mace              |       |       |    60 |       ||    60
         Staff             |       |       |    65 |     8 ||    73
  Throw: Dart              |       |     4 |       |       ||     4
   Cast: Shock             |    51 |    85 |   152 |    19 ||   307
         Static Discharge  |     2 |    13 |    15 |     4 ||    34
         Foxfire           |       |       |    80 |     8 ||    88
         Mephitic Cloud    |       |       |     3 |       ||     3
    Use: Scroll            |     2 |     8 |    10 |       ||    20
         Potion            |     1 |     2 |     3 |       ||     6
   Stab: Distracted        |       |     2 |     1 |       ||     3
         Sleeping          |       |       |     1 |       ||     1
         Confused          |       |       |     2 |       ||     2
 Armour: Robe              |    11 |       |       |       ||    11
         Leather armour    |    45 |   126 |   173 |       ||   344
         Ring mail         |       |       |    33 |    27 ||    60
  Dodge: Dodged            |    38 |    98 |   199 |     6 ||   341
